Map: Ruins of Seras

Players

비비빅

  • Race: Terran Terran
  • League: Master

ReacH - Winner!

  • Race: Protoss Protoss
  • League: Diamond

VOD

Have the link to the VOD?

Description

Time

  • Played on: Jan. 13, 2016, 12:38 p.m.
  • Length: 16:41
Show
View Real Time Build Order
Export as new Build Order

비비빅 Terran 

Build Orders: MMM Bio 

Get SALT Encoding   

  12  0:01  SCV  
  13  0:13  SCV  
  14  0:18  Supply Depot  
  14  0:25  SCV  
  15  0:40  SCV  
  15  0:41  Barracks  
  16  0:52  SCV  
  17  1:04  SCV  
  18  1:16  SCV  
  19  1:29  Orbital Command  
  19  1:33  Marine  
  19  1:35  Command Center  
  20  1:50  Marine  
  21  1:57  Supply Depot  
  21  1:59  SCV  
  22  2:07  Barracks  
  22  2:08  Marine  
  23  2:19  SCV, Refinery  
  23  2:22  Barracks  
  24  2:24  Bunker  
  24  2:27  Supply Depot  
  24  2:32  SCV  
  25  2:39  Marine  
  25  2:44  SCV  
  27  2:49  Orbital Command  
  27  2:56  SCV  
  28  3:00  Marine x2  
  30  3:08  SCV  
  30  3:10  Marine  
  32  3:18  SCV, Marine x2  
  34  3:20  SCV  
  35  3:28  Supply Depot, Marine  
  35  3:30  Supply Depot, SCV  
  37  3:35  SCV  
  37  3:36  Marine  
  37  3:37  Barracks Tech Lab  
  39  3:43  Refinery  
  39  3:52  SCV  
  39  3:53  SCV  
  39  3:54  Barracks Tech Lab  
  39  3:55  Barracks Reactor  
  41  4:00  Stimpack  
  41  4:04  SCV, Marine  
  41  4:05  SCV  
  44  4:14  Engineering Bay  
  44  4:15  Marine  
  45  4:17  SCV  
  45  4:20  Refinery  
  45  4:22  Marine  
  45  4:23  Combat Shields  
  47  4:28  SCV  
  47  4:29  SCV  
  47  4:31  Supply Depot  
  49  4:33  Marine  
  49  4:34  Refinery  
  49  4:36  Marine x2  
  52  4:40  SCV, Marine  
  52  4:41  SCV  
  55  4:51  Marauder  
  55  4:52  SCV  
  58  4:53  SCV  
  58  4:55  Supply Depot  
  58  4:56  Marine x2  
  58  4:58  Marauder  
  63  5:02  Factory  
  63  5:04  SCV  
  63  5:05  SCV  
  65  5:13  Marauder  
  67  5:15  Supply Depot  
  67  5:16  SCV  
  67  5:17  SCV  
  64  5:31  Engineering Bay  
  63  5:36  SCV x2, Missile Turret  
  65  5:48  SCV x2  
  67  5:51  Missile Turret  
  67  6:03  SCV  
  67  6:08  Command Center  
  67  6:14  SCV  
  67  6:15  SCV  
  69  6:27  SCV x2, Marauder, Marine x2  
  69  6:28  Concussive Shells, Marauder  
  77  6:35  Barracks  
  77  6:36  Barracks  
  77  6:38  Barracks  
  77  6:41  Factory Reactor  
  77  6:43  Starport  
  77  6:45  Terran Infantry Weapons Level 1  
  77  6:48  SCV x2  
  77  6:53  Engineering Bay  
  79  6:55  Armory  
  79  6:58  Supply Depot  
  79  7:00  Supply Depot x2, SCV  
  79  7:01  SCV  
  78  7:12  SCV  
  78  7:15  SCV  
  80  7:20  Orbital Command  
  80  7:24  SCV  
  80  7:27  SCV  
  82  7:30  Terran Infantry Armor Level 1  
  82  7:33  Factory Reactor, Medivac x2  
  82  7:36  SCV  
  87  7:38  Barracks Reactor  
  87  7:39  SCV, Barracks Tech Lab x2  
  87  7:40  Orbital Command  
  88  7:45  Supply Depot  
  88  7:48  SCV  
  88  7:51  SCV  
  90  8:00  SCV  
  90  8:03  SCV, Medivac x2  
  90  8:05  Supply Depot  
  96  8:06  Supply Depot, SCV  
  96  8:12  SCV  
  98  8:14  Supply Depot  
  98  8:15  SCV, Supply Depot  
  98  8:16  Supply Depot, Widow Mine x2  
  98  8:17  Supply Depot  
  98  8:18  SCV  
  106  8:20  Marauder  
  106  8:24  SCV  
  107  8:27  SCV  
  107  8:29  Supply Depot  
  107  8:30  SCV  
  107  8:32  Marauder, Marine x2  
  107  8:33  Marauder, Marine x3  
  118  8:35  Medivac  
  118  8:38  Medivac  
  122  8:44  Widow Mine x2  
  122  8:46  Refinery, Terran Infantry Weapons Level 2  
  122  8:47  Refinery  
  126  8:51  Marine x3  
  126  8:53  Liberator x2, Marine  
  130  8:56  SCV x3  
  130  9:02  Supply Depot  
  133  9:05  Supply Depot  
  133  9:08  SCV  
  134  9:13  Widow Mine x2  
  144  9:18  Marauder  
  144  9:19  Marine, Marauder x3  
  153  9:30  Marine x2  
  154  9:35  Liberator  
  154  9:36  Barracks, Liberator  
  154  9:38  Barracks  
  154  9:40  Marauder x2  
  154  9:43  Marauder x2, Marine x2  
  163  9:48  Marine  
  143  9:54  Marine  
  125  10:01  Marauder x2, Marine x2  
  125  10:04  Marauder  
  125  10:05  Marine, Marauder  
  129  10:12  Marine  
  128  10:18  Marine  
  128  10:19  Marine  
  124  10:22  Marauder, Marine  
  124  10:23  Marine x2  
  124  10:26  Marauder x2  
  123  10:29  Marine  
  118  10:36  Marine x2  
  118  10:37  Marine  
  118  10:41  Marine, Marauder  
  116  10:44  Marauder  
  116  10:46  SCV  
  116  10:47  Marauder x2  
  121  10:54  Terran Infantry Armor Level 2  
  121  11:02  Marauder  
  123  11:05  Marauder  
  123  11:06  Medivac x2  
  123  11:08  SCV x3  
  123  11:09  Marauder x2  
  130  11:20  SCV  
  130  11:23  Marauder  
  130  11:24  Marine  
  130  11:25  Marine x4  
  133  11:27  Marauder  
  133  11:29  Barracks Tech Lab  
  133  11:30  Marauder x2  
  140  11:33  Widow Mine x2  
  140  11:35  Terran Infantry Weapons Level 3  
  140  11:36  Medivac x2  
  148  11:42  Marine  
  148  11:43  Marine x4  
  148  11:44  Marine  
  152  11:47  Marine  
  146  11:56  Marauder x3  
  146  12:00  Marine  
  146  12:01  Marine  
  126  12:02  Marauder  
  126  12:06  Marauder, Liberator  
  130  12:09  Marine  
  130  12:10  Marine  
  130  12:13  Terran Ship Weapons Level 1  
  132  12:17  Marauder x3  
  132  12:18  Marine x2  
  132  12:19  Command Center  
  140  12:24  Marauder  
  140  12:26  Medivac  
  140  12:27  Marauder  
  149  12:33  Marine x3  
  149  12:36  Marine x2  
  154  12:38  Marauder  
  154  12:39  Marauder x2  
  132  12:45  Marauder  
  132  12:49  Marauder  
  125  13:00  Marauder  
  125  13:04  Marauder x2  
  120  13:07  Marauder  
  120  13:10  Marauder  
  109  13:18  Marine  
  100  13:21  Marauder  
  100  13:25  Marauder x2  
  86  13:34  Marine, Marauder  
  86  13:37  Marine  
  86  13:44  Orbital Command  
  86  14:13  Marauder x3  
  86  14:14  Marine  
  93  14:17  Marine  
  93  14:21  Planetary Fortress  
  90  14:40  Missile Turret  
  90  14:41  Marauder x5  
  92  14:56  Missile Turret  
  92  14:57  SCV  
  92  14:58  SCV x2  
  94  15:02  Marauder  
  96  15:10  SCV x3, Marauder x3  
  105  15:19  Marauder  
  105  15:21  Marine  
  108  15:22  SCV  
  108  15:23  Marauder  
  113  15:36  Marine, Marauder  
  114  16:11  Marine, Marauder x3  
Show
View Real Time Build Order
Export as new Build Order

ReacH Protoss - Winner!

Build Orders: 1 Gate Expand 

Get SALT Encoding   

  12  0:01  Probe (Chrono Boost)  
  13  0:11  Probe (Chrono Boost)  
  14  0:19  Pylon  
  14  0:22  Probe (Chrono Boost)  
  15  0:37  Probe (Chrono Boost), Gateway  
  16  0:48  Assimilator  
  16  0:49  Probe (Chrono Boost)  
  17  1:00  Probe (Chrono Boost)  
  18  1:10  Probe (Chrono Boost)  
  19  1:24  Nexus  
  19  1:26  Probe (Chrono Boost)  
  20  1:37  Probe (Chrono Boost)  
  21  1:44  Cybernetics Core  
  21  1:47  Probe (Chrono Boost)  
  22  1:55  Assimilator  
  22  1:58  Probe (Chrono Boost)  
  23  2:11  Probe (Chrono Boost)  
  23  2:15  Pylon  
  23  2:20  Warp Gate  
  23  2:33  Adept  
  23  2:34  Mothership Core (Chrono Boost)  
  27  2:38  Probe (Chrono Boost)  
  28  2:49  Probe (Chrono Boost)  
  29  2:52  Probe (Chrono Boost)  
  30  2:59  Probe (Chrono Boost)  
  30  3:00  Adept (Chrono Boost)  
  30  3:04  Gateway  
  33  3:06  Gateway, Probe (Chrono Boost)  
  33  3:08  Probe  
  35  3:18  Probe  
  35  3:19  Probe  
  37  3:29  Adept (Chrono Boost)  
  37  3:30  Probe x2  
  37  3:32  Stargate  
  41  3:37  Pylon  
  41  3:42  Probe  
  41  3:43  Probe  
  41  3:54  Probe  
  42  3:57  Probe  
  43  4:06  Probe  
  43  4:07  Nexus  
  44  4:10  Probe, Pylon  
  44  4:16  Oracle (Chrono Boost)  
  48  4:20  Assimilator  
  48  4:25  Assimilator  
  48  4:26  Probe  
  48  4:27  Probe  
  50  4:35  Pylon  
  50  4:37  Probe  
  51  4:43  Probe  
  51  4:45  Twilight Council  
  52  4:47  Probe  
  52  4:48  Phoenix (Chrono Boost)  
  55  4:54  Sentry  
  55  4:55  Adept  
  55  4:56  Probe  
  55  4:59  Probe  
  60  5:02  Robotics Facility  
  61  5:07  Pylon  
  61  5:09  Probe  
  61  5:10  Sentry, Probe  
  65  5:20  Probe  
  65  5:21  Probe  
  67  5:31  Probe  
  67  5:33  Probe  
  69  5:41  Probe  
  69  5:45  Probe  
  71  5:50  Immortal (Chrono Boost)  
  71  5:51  Gateway  
  71  5:52  Gateway  
  71  5:55  Gateway  
  75  5:59  Probe  
  75  6:00  Probe x2  
  78  6:06  Resonating Glaives (Chrono Boost)  
  78  6:17  Adept  
  78  6:18  Adept x2  
  84  6:23  Phoenix  
  84  6:26  Probe  
  84  6:29  Immortal (Chrono Boost)  
  91  6:37  Gateway  
  91  6:39  Gateway  
  91  6:42  Adept, Pylon  
  91  6:46  Pylon  
  93  6:47  Pylon  
  93  6:53  Pylon  
  93  7:07  Probe  
  93  7:08  Probe x2  
  92  7:12  Assimilator  
  92  7:13  Assimilator  
  92  7:15  Templar Archives  
  93  7:19  Adept x6, Forge, Pylon  
  93  7:20  Forge  
  105  7:37  Adept x2  
  105  7:38  Immortal (Chrono Boost)  
  113  7:45  Robotics Bay, Blink (Chrono Boost)  
  113  7:52  Psionic Storm  
  113  7:58  Stalker x7  
  123  7:59  Pylon  
  127  8:06  High Templar  
  129  8:18  Nexus  
  129  8:20  Pylon  
  129  8:27  High Templar  
  129  8:28  Dark Shrine, High Templar  
  129  8:30  Zealot x3  
  139  8:34  Warp Prism  
  141  8:42  Pylon  
  141  8:49  Assimilator  
  141  8:53  High Templar x3, Assimilator  
  147  8:58  Zealot  
  147  8:59  Protoss Ground Weapons Level 1 (Chrono Boost)  
  147  9:02  Pylon  
  149  9:04  Pylon  
  149  9:08  Pylon  
  149  9:10  Protoss Ground Armor Level 1 (Chrono Boost)  
  149  9:15  Robotics Facility  
  149  9:16  Pylon  
  149  9:32  Adept  
  151  9:38  Adept x2  
  151  9:39  Adept x5  
  161  9:46  Charge (Chrono Boost)  
  107  10:00  Adept  
  107  10:02  Observer  
  107  10:06  Stalker x7  
  100  10:30  Stalker  
  100  10:31  Stalker x7  
  108  10:51  Disruptor x2  
  104  11:07  Stalker x4  
  104  11:08  Zealot x4  
  108  11:27  Disruptor x2 (Chrono Boost)  
  114  11:36  Adept x5  
  114  11:37  Adept x3  
  94  12:03  Zealot x3  
  94  12:04  Stalker, Zealot  
  94  12:05  Stalker x3  
  94  12:07  Disruptor (Chrono Boost)  
  111  12:25  Adept x3  
  111  12:26  Stalker  
  119  12:30  High Templar x2  
  119  12:31  Stalker x2  
  103  13:15  Stalker x4  
  103  13:16  Stalker x4  
  93  13:31  Archon  
  93  13:38  Stalker  
  93  13:39  Stalker x7  
  107  13:42  Probe x3  
  106  14:02  Gateway x2  
  106  14:04  Gateway  
  106  14:05  Gateway, Disruptor (Chrono Boost)  
  109  14:10  Dark Templar  
  109  14:15  Dark Templar  
  113  14:31  High Templar  
  113  14:32  High Templar x4  
  113  14:33  High Templar  
  125  14:42  Archon x3  
  125  14:44  Dark Templar, Pylon  
  125  14:55  Disruptor x2 (Chrono Boost)  
  125  14:57  Zealot  
  133  15:04  Nexus  
  129  15:14  Dark Templar x3  
  135  15:41  Dark Templar  
  137  15:44  Stalker x3  
  143  15:50  High Templar x2  
  143  15:51  Zealot  
  143  15:52  Zealot x5  
Tags
 
Add a new tag
Caveats
  • Supply blocks, unpowered buildings, or Contaminate may cause inaccurate times.
  • Supply counts are checked every 10 seconds.